Map: Distant Plane

Players

helpy

  • Race: Protoss Protoss
  • League: Diamond
  • Spawn Location: 11:00

pLO

  • Race: Protoss Protoss
  • League: Diamond
  • Spawn Location: 11:00

Loken - Winner!

  • Race: Zerg Zerg
  • League: Platinum
  • Spawn Location: 7:00

dallaskuken - Winner!

  • Race: Protoss Protoss
  • League: Platinum
  • Spawn Location: 7:00

VOD

Have the link to the VOD?

Description

Time

  • Played on: March 19, 2017, 9:23 p.m.
  • Length: 10:27
Show
View Real Time Build Order
Export as new Build Order

helpy Protoss 

Build Orders: Oracle Opening 

Get SALT Encoding   

  12  0:02  Probe (Chrono Boost)  
  13  0:13  Probe (Chrono Boost)  
  14  0:19  Pylon  
  14  0:25  Probe (Chrono Boost)  
  15  0:37  Probe (Chrono Boost)  
  15  0:41  Gateway  
  16  0:48  Probe (Chrono Boost)  
  16  0:49  Assimilator  
  17  0:55  Assimilator  
  17  0:58  Probe (Chrono Boost)  
  19  1:18  Probe (Chrono Boost)  
  19  1:32  Cybernetics Core  
  19  1:39  Pylon  
  19  1:44  Probe (Chrono Boost)  
  20  1:54  Probe (Chrono Boost)  
  20  1:57  Warp Gate  
  21  2:05  Probe (Chrono Boost)  
  22  2:10  Adept  
  24  2:19  Mothership Core (Chrono Boost)  
  26  2:26  Stargate  
  28  3:09  Probe (Chrono Boost)  
  28  3:12  Adept  
  30  3:21  Probe (Chrono Boost)  
  28  3:43  Oracle  
  31  3:49  Pylon  
  31  3:55  Pylon  
  31  4:03  Twilight Council  
  31  4:05  Gateway  
  31  4:07  Gateway  
  31  4:09  Robotics Facility  
  31  4:15  Oracle  
  31  4:17  Adept  
  36  4:29  Resonating Glaives  
  36  4:47  Nexus  
  37  5:00  Probe (Chrono Boost)  
  37  5:03  Pylon x2  
  37  5:12  Probe (Chrono Boost)  
  36  5:24  Probe (Chrono Boost)  
  26  5:31  Phoenix  
  29  5:36  Probe (Chrono Boost)  
  26  5:48  Probe (Chrono Boost)  
  27  5:54  Phoenix  
  29  6:00  Probe (Chrono Boost)  
  29  6:02  Probe (Chrono Boost)  
  32  6:12  Probe x2 (Chrono Boost)  
  32  6:17  Observer  
  34  6:23  Adept, Probe (Chrono Boost)  
  34  6:25  Probe (Chrono Boost)  
  38  6:33  Probe (Chrono Boost)  
  38  6:37  Probe (Chrono Boost)  
  38  6:38  Assimilator  
  40  6:44  Assimilator, Probe (Chrono Boost)  
  40  6:46  Adept  
  43  6:49  Probe (Chrono Boost)  
  43  6:51  Adept  
  46  6:54  Probe (Chrono Boost)  
  46  7:00  Probe (Chrono Boost)  
  48  7:05  Probe (Chrono Boost)  
  49  7:10  Probe (Chrono Boost)  
  50  7:16  Phoenix, Forge  
  50  7:20  Probe (Chrono Boost)  
  50  7:21  Probe (Chrono Boost)  
  54  7:31  Adept  
  54  7:33  Adept  
  58  7:37  Adept  
  60  7:54  Phoenix  
  60  7:58  Adept  
  64  8:00  Adept  
  66  8:12  Adept  
  66  8:16  Probe (Chrono Boost)  
  66  8:17  Gateway  
  66  8:19  Phoenix  
  60  8:43  Gateway  
  60  8:48  Gateway, Probe x2 (Chrono Boost)  
  62  8:51  Templar Archives  
  62  8:58  Probe (Chrono Boost)  
  62  8:59  Probe (Chrono Boost)  
  64  9:06  Adept x2  
  64  9:07  Adept  
  64  9:09  Probe (Chrono Boost)  
  71  9:12  Adept  
  73  9:42  Adept x2  
  77  9:47  Pylon  
  77  9:48  Pylon  
  77  9:50  Pylon  
  67  10:05  Adept  
  67  10:06  Adept  
  67  10:07  Adept x3  
  65  10:08  Adept  
Show
View Real Time Build Order
Export as new Build Order

pLO Protoss 

Build Orders: 1 Gate Expand 

Get SALT Encoding   

  12  0:04  Probe (Chrono Boost)  
  13  0:15  Probe (Chrono Boost)  
  13  0:20  Pylon  
  14  0:25  Probe (Chrono Boost)  
  15  0:40  Gateway  
  15  0:41  Probe (Chrono Boost)  
  16  0:52  Probe (Chrono Boost)  
  17  1:06  Probe (Chrono Boost)  
  18  1:20  Nexus  
  18  1:28  Cybernetics Core  
  18  1:31  Assimilator  
  18  1:33  Probe (Chrono Boost)  
  18  1:39  Assimilator  
  19  1:43  Probe (Chrono Boost)  
  20  1:54  Warp Gate  
  20  1:57  Gateway  
  20  1:59  Probe (Chrono Boost)  
  21  2:11  Probe (Chrono Boost)  
  22  2:19  Pylon  
  23  2:24  Probe (Chrono Boost)  
  23  2:32  Stalker  
  26  2:37  Probe (Chrono Boost)  
  26  2:38  Probe (Chrono Boost)  
  27  2:57  Probe (Chrono Boost)  
  27  3:00  Stalker  
  29  3:16  Adept  
  31  3:20  Twilight Council  
  31  3:24  Probe (Chrono Boost)  
  33  3:30  Adept  
  34  3:41  Pylon  
  34  3:49  Pylon  
  34  3:55  Stargate  
  34  4:01  Resonating Glaives  
  34  4:08  Adept x2  
  36  4:23  Mothership Core (Chrono Boost)  
  34  4:43  Probe (Chrono Boost)  
  34  4:55  Probe (Chrono Boost)  
  35  5:24  Probe (Chrono Boost)  
  36  5:28  Nexus  
  36  5:31  Void Ray  
  40  5:36  Probe (Chrono Boost)  
  40  5:48  Probe (Chrono Boost)  
  37  6:00  Probe (Chrono Boost)  
  37  6:12  Probe (Chrono Boost)  
  37  6:13  Adept x2  
  41  6:25  Gateway, Probe (Chrono Boost)  
  42  6:28  Gateway  
  42  6:30  Gateway  
  42  6:33  Pylon  
  42  6:37  Probe (Chrono Boost)  
  43  6:48  Probe (Chrono Boost)  
  43  6:49  Probe (Chrono Boost)  
  45  6:59  Probe (Chrono Boost)  
  45  7:01  Probe (Chrono Boost)  
  47  7:02  Forge  
  47  7:06  Oracle  
  50  7:13  Probe (Chrono Boost)  
  51  7:18  Assimilator  
  51  7:20  Adept  
  51  7:21  Adept  
  55  7:43  Probe (Chrono Boost)  
  53  7:44  Probe (Chrono Boost)  
  53  7:50  Adept x2  
  53  7:51  Adept x3  
  63  7:53  Probe (Chrono Boost)  
  63  7:57  Protoss Ground Weapons Level 1  
  64  8:14  Probe (Chrono Boost)  
  64  8:16  Probe (Chrono Boost)  
  66  8:25  Probe (Chrono Boost)  
  55  9:05  Adept  
  55  9:06  Adept x4  
  55  9:08  Probe (Chrono Boost)  
  67  9:10  Probe (Chrono Boost)  
  67  9:14  Assimilator  
  67  9:23  Photon Cannon  
  66  9:24  Nexus  
  26  10:09  Adept  
  26  10:11  Stalker x3  
  28  10:15  Stalker  
Show
View Real Time Build Order
Export as new Build Order

Loken Zerg - Winner!

Build Orders: Hatch First 

Get SALT Encoding   

  12  0:01  Drone  
  13  0:13  Overlord  
  13  0:18  Drone  
  14  0:33  Drone x2  
  14  0:34  Drone  
  17  0:58  Drone  
  17  1:01  Hatchery  
  17  1:14  Spawning Pool  
  17  1:15  Drone  
  17  1:19  Drone  
  17  1:23  Drone  
  19  1:33  Extractor  
  19  1:37  Drone  
  19  1:46  Overlord  
  19  2:01  Zergling x4  
  21  2:11  Queen  
  21  2:13  Queen  
  21  2:14  Zergling x2  
  26  2:28  Zergling x6  
  29  2:38  Metabolic Boost  
  29  2:54  Drone x4  
  33  3:12  Zergling x6  
  36  3:13  Overlord  
  36  3:25  Overlord x2  
  36  3:42  Drone  
  36  3:43  Drone x5  
  42  3:59  Extractor  
  38  4:21  Zergling x16  
  44  4:33  Zergling x2  
  44  4:34  Zergling x10  
  47  4:42  Spore Crawler  
  47  4:45  Spore Crawler  
  44  4:47  Drone x2  
  44  4:52  Lair  
  46  5:11  Drone x10  
  56  5:23  Hatchery  
  56  5:25  Hatchery  
  53  5:35  Queen  
  51  5:41  Drone  
  51  5:42  Drone x5  
  59  5:45  Overlord x4  
  56  5:58  Zergling x8  
  56  6:03  Extractor  
  55  6:04  Extractor  
  55  6:06  Zergling x2  
  55  6:21  Evolution Chamber  
  54  6:25  Evolution Chamber  
  54  6:29  Infestation Pit  
  54  6:30  Overseer x2  
  52  6:35  Drone x3  
  52  6:36  Drone x3  
  52  6:37  Queen  
  52  6:38  Queen  
  62  6:41  Drone x2  
  64  6:53  Drone  
  69  6:54  Drone x7  
  72  7:02  Zerg Melee Weapons Level 1, Zerg Ground Armor Level 1  
  72  7:08  Hydralisk Den  
  71  7:09  Hive  
  71  7:24  Zergling x2  
  71  7:25  Zergling x24  
  84  7:44  Extractor  
  83  7:45  Extractor  
  82  7:52  Hydralisk x2  
  82  7:53  Hydralisk x8  
  82  7:57  Muscular Augments  
  102  8:02  Drone  
  102  8:04  Overlord  
  102  8:05  Overlord x2  
  89  8:29  Hydralisk x9  
  87  8:52  Drone x13  
  87  8:53  Drone  
  100  9:21  Drone x10  
  110  9:45  Zergling x8  
  108  9:46  Zergling x12  
  108  9:49  Zergling x10  
Show
View Real Time Build Order
Export as new Build Order

dallaskuken Protoss - Winner!

Build Orders:  

Get SALT Encoding   

  12  0:01  Probe (Chrono Boost)  
  13  0:15  Pylon  
  13  0:35  Forge  
  13  0:43  Probe (Chrono Boost)  
  14  1:03  Probe (Chrono Boost)  
  15  1:08  Gateway  
  15  1:11  Assimilator  
  15  1:14  Probe (Chrono Boost)  
  16  1:24  Probe (Chrono Boost)  
  17  1:35  Probe (Chrono Boost)  
  18  1:58  Probe (Chrono Boost)  
  18  1:59  Zealot  
  21  2:06  Cybernetics Core  
  21  2:09  Pylon, Probe (Chrono Boost)  
  21  2:13  Pylon  
  22  2:27  Probe (Chrono Boost)  
  23  2:32  Photon Cannon  
  23  2:35  Photon Cannon  
  23  2:37  Pylon  
  22  3:02  Probe (Chrono Boost)  
  22  3:04  Warp Gate  
  23  3:07  Assimilator  
  23  3:11  Pylon  
  21  3:43  Stargate  
  21  3:46  Probe (Chrono Boost)  
  22  3:57  Probe (Chrono Boost)  
  23  4:07  Probe (Chrono Boost)  
  24  4:18  Probe (Chrono Boost)  
  24  4:21  Stalker  
  24  4:23  Oracle  
  27  4:24  Nexus  
  27  4:30  Probe (Chrono Boost)  
  31  4:33  Pylon  
  31  4:35  Pylon  
  31  4:42  Probe (Chrono Boost)  
  32  4:51  Stalker  
  35  4:54  Probe (Chrono Boost)  
  35  5:08  Photon Cannon  
  35  5:42  Void Ray  
  32  5:44  Probe (Chrono Boost)  
  37  5:50  Stalker  
  37  5:55  Probe (Chrono Boost)  
  40  5:58  Gateway  
  40  6:00  Gateway  
  40  6:03  Gateway  
  40  6:05  Probe (Chrono Boost)  
  41  6:12  Fleet Beacon  
  41  6:16  Probe (Chrono Boost)  
  42  6:20  Void Ray  
  42  6:24  Pylon  
  42  6:25  Pylon  
  42  6:26  Probe (Chrono Boost)  
  42  6:30  Assimilator  
  47  6:37  Probe (Chrono Boost)  
  48  6:47  Probe (Chrono Boost)  
  48  6:51  Carrier  
  49  6:58  Probe (Chrono Boost)  
  56  7:09  Probe (Chrono Boost)  
  56  7:10  Assimilator  
  57  7:19  Probe (Chrono Boost)  
  57  7:22  Stalker  
  60  7:24  Pylon  
  60  7:27  Pylon x2  
  61  7:30  Probe (Chrono Boost)  
  61  7:40  Probe (Chrono Boost)  
  58  7:51  Probe (Chrono Boost)  
  55  7:58  Photon Cannon  
  55  7:59  Photon Cannon  
  55  8:00  Stalker x4  
  63  8:06  Carrier  
  63  8:19  Stargate  
  69  9:03  Stalker x4  
  83  9:19  Pylon  
  83  9:20  Pylon  
  83  9:21  Pylon  
Tags
 
Add a new tag
Caveats
  • Supply blocks, unpowered buildings, or Contaminate may cause inaccurate times.
  • Supply counts are checked every 10 seconds.